 Dungeon Crawl Stone Soup version 0.26-a0-639-g72c4674329 (webtiles) character file.

Game seed: 2617764665679283910

209146 PentaManta the Severer (level 19, -2/149 HPs)
             Began as a Formicid Abyssal Knight on Sept 19, 2020.
             Was a High Priest of Lugonu.
             Slain by the 27-headed Lernaean hydra (11 damage)
             ... on level 4 of the Swamp on Sept 20, 2020.
             The game lasted 02:38:58 (48336 turns).

PentaManta the Severer (Formicid Abyssal Knight)   Turns: 48336, Time: 02:38:59

Health: -2/149     AC: 34    Str: 31    XL:     19   Next: 52%
Magic:  26/27      EV: 13    Int: 16    God:    Lugonu [*****.]
Gold:   3086       SH: 15    Dex: 10    Spells: 18/18 levels left

rFire    . . .     SeeInvis +   h - +12 whip of Bloody Death {vorpal, *Drain Str+8 Int+2 Stlth-}
rCold    + . .     Faith    .   v - +1 kite shield {AC+3}
rNeg     + . .     Spirit   .   J - +5 plate armour of Gehenna {Slay+4}
rPois    +         Reflect  .   (helmet unavailable)
rElec    .         Harm     .   n - +2 cloak {MR+}
rCorr    .         Rampage  .   A - +2 pair of gloves {archery}
MR       ++...                  F - +2 pair of boots {run}
Stlth    ..........             w - amulet of regeneration
HPRegen  0.34/turn              z - ring of poison resistance
MPRegen  0.20/turn              M - ring of Nemelex Xobeh's Whim {rC+ rN+ Slay+4}

@: very slightly contaminated, invisible, quick
A: permanent stasis, dig shafts and tunnels, four strong arms, antennae 3
}: 1/15 runes: serpentine
a: Dig, Shaft Self, Depart the Abyss, Bend Space, Banish, Corrupt, Enter the
Abyss, Renounce Religion


You were on level 4 of the Swamp.
You worshipped Lugonu.
Lugonu was extremely pleased with you.
You visited 6 branches of the dungeon, and saw 32 of its levels.
You visited the Abyss 5 times.
You also visited: Bailey and Ice Cave.

You collected 3709 gold pieces.
You spent 623 gold pieces at shops.

Inventory:

Hand Weapons
 g - a +1 dagger of venom
 h - the +12 whip of Bloody Death (weapon) {vorpal, *Drain Str+8 Int+2 Stlth-}
   (You found it on level 9 of the Dungeon)

   It inflicts extra damage upon your enemies.
   It affects your strength (+8).
   It affects your intelligence (+2).
   It causes draining when unequipped.
   It makes you less stealthy.
 N - the +11 battleaxe of Tochuik {elec, *Noise Str+5 Dex+2}
   (You acquired it on level 6 of the Lair of Beasts)

   Occasionally, upon striking a foe, it will discharge some electrical energy
   and cause terrible harm.
   It affects your strength (+5).
   It affects your dexterity (+2).
   It may make noises in combat.
 O - a +3 war axe of freezing
 P - a +3 great mace
Armour
 e - +0 fire dragon scales
 n - a +2 cloak of magic resistance (worn)
 v - a +1 kite shield of protection (worn)
 A - a +2 pair of gloves of archery (worn)
 C - a +0 tower shield
 F - a +2 pair of boots of running (worn)
 J - the +5 plate armour of Gehenna (worn) {Slay+4}
   (You took it off an orc warrior in a bailey)

   It affects your accuracy and damage with ranged weapons and melee attacks
   (+4).
 R - a +1 cloak of cold resistance
 V - a +3 chain mail of fire resistance
Jewellery
 m - a +4 ring of protection
 o - an uncursed ring of fire
 u - an uncursed ring of resist corrosion
 w - an amulet of regeneration (around neck)
 y - an uncursed amulet of reflection
 z - a ring of poison resistance (left hand)
 M - the ring of Nemelex Xobeh's Whim (right hand) {rC+ rN+ Slay+4}
   (You acquired it on level 9 of the Dungeon)

   [ring of slaying]

   It affects your accuracy and damage with ranged weapons and melee attacks
   (+4).
   It protects you from cold.
   It protects you from negative energy.
 U - an uncursed ring of ice
 W - an uncursed ring of flight
Wands
 b - a wand of acid (53)
 d - a wand of polymorph (28)
 j - a wand of digging (5)
 B - a wand of flame (35)
 H - a wand of disintegration (30)
 Q - a wand of iceblast (55)
 Y - a wand of paralysis (24)
Scrolls
 a - a scroll of brand weapon
 c - a scroll of fog
 k - 18 scrolls of remove curse
 p - 4 scrolls of silence
 r - 4 scrolls of enchant weapon
 E - 5 scrolls of enchant armour
 I - 5 scrolls of identify
 S - 5 scrolls of fear
 T - 3 scrolls of magic mapping
Potions
 f - 8 potions of resistance
 i - 2 potions of ambrosia
 l - 10 potions of curing
 q - 5 potions of lignification
 s - 2 potions of mutation
 x - 3 potions of cancellation
 G - 3 potions of magic
 L - 3 potions of might
Miscellaneous
 X - a phantom mirror (inert)


   Skills:
 + Level 13.3 Fighting
 - Level 20.3(20.5) Axes
 - Level 6.0(14.8) Maces & Flails
 + Level 13.1 Armour
 + Level 11.1 Dodging
 + Level 13.0 Shields
 - Level 11.5 Invocations


You had 18 spell levels left.
You didn't know any spells.
Your spell library contained the following spells:

 Spells                   Type           Power        Failure   Level
 Animate Skeleton         Necr           #.....       82%         1
 Apportation              Tloc           #.....       82%         1
 Corona                   Hex            #......      82%         1
 Foxfire                  Conj/Fire      #...         82%         1
 Summon Small Mammal      Summ           #...         82%         1
 Call Imp                 Summ           #.......     91%         2
 Call Canine Familiar     Summ           #.......     99%         3
 Conjure Flame            Conj/Fire      #.......     99%         3
 Dazzling Flash           Conj/Hex       #.....       99%         3
 Gell's Gravitas          Tloc           #.........   99%         3
 Ignite Poison            Fire/Tmut/Pois #.......     99%         3
 Inner Flame              Hex/Fire       #.......     99%         3
 Portal Projectile        Hex/Tloc       #.....       99%         3
 Summon Guardian Golem    Hex/Summ       #.......     99%         3
 Ice Form                 Ice/Tmut       #.......     100%        4
 Leda's Liquefaction      Hex/Erth       #.........   100%        4
 Sticky Flame             Conj/Fire      #.......     100%        4
 Summon Ice Beast         Ice/Summ       #.......     100%        4
 Summon Lightning Spire   Summ/Air       #.......     100%        4
 Bolt of Magma            Conj/Fire/Erth #.........   100%        5
 Fireball                 Conj/Fire      #.........   100%        5
 Irradiate                Conj/Tmut      #.........   100%        5
 Metabolic Englaciation   Hex/Ice        #.........   100%        5
 Summon Mana Viper        Hex/Summ       #.......     100%        5
 Dispersal                Tloc           #.........   100%        6
 Freezing Cloud           Conj/Ice/Air   #.........   100%        6
 Hydra Form               Tmut           #.........   100%        6
 Invisibility             Hex            #.......     100%        6
 Iron Shot                Conj/Erth      #.........   100%        6
 Ozocubu's Refrigeration  Ice            #.........   100%        6
 Simulacrum               Ice/Necr       #.........   100%        6
 Statue Form              Tmut/Erth      #........    100%        6
 Dragon Form              Tmut           #.........   100%        7
 Disjunction              Tloc           #.........   100%        8
 Shatter                  Erth           #.........   100%        9


Dungeon Overview and Level Annotations

Branches:
Dungeon (15/15)            Temple (1/1) D:6            Lair (6/6) D:11
  Swamp (4/4) Lair:2        Snake (4/4) Lair:3        Slime (0/5) Lair:5
    Orc (2/2) D:12            Elf (0/3) Orc:2        Vaults (0/5) D:14
 Bailey (visited)           IceCv (visited)
 Depths: D:15

Altars:
Ashenzari
Cheibriados
Dithmenos
Elyvilon
Fedhas
Gozag
Hepliaklqana
Kikubaaqudgha
Makhleb
Nemelex Xobeh
Okawaru
Qazlal
Ru
Sif Muna
Trog
Uskayaw
Vehumet
Wu Jian
Xom
Yredelemnul
Zin
The Shining One
Beogh

Shops:
D:4 *   D:7 [   Orc:2 *[=(   Snake:2 !*?(

Portals:
Abyss: D:15

Annotations:
D:15 2 transporters, Jeineh's ghost, journeyman SpEn
Swamp:4 Lernaean hydra
Snake:1 1 runed translucent door


Innate Abilities, Weirdness & Mutations

You cannot be hasted, slowed, berserked, paralysed or teleported.
You can dig through walls and to a lower floor.
Your four strong arms can wield two-handed weapons with a shield.
You have a pair of large antennae on your head. (SInv)


Message History

* * * LOW HITPOINT WARNING * * *
The sixfirhy shocks you!
* * * LOW HITPOINT WARNING * * *
You block the sixfirhy's attack. The sixfirhy barely misses you. x2
You block the large abomination's attack.
The large abomination closely misses you.
You are very lightly contaminated with residual magic.
You pass through the gate.
Welcome back to the Swamp!
Beware, you cannot shaft yourself on this level.
Level annotation: Lernaean hydra Lugonu is no longer ready to corrupt your weapon.
You block the six-headed hydra's attack.
The six-headed hydra bites you but does no damage. x3
The six-headed hydra barely misses you. x2
You block the swamp dragon's attack. x2
The swamp dragon tramples you but does no damage.
The 27-headed Lernaean hydra barely misses you.
The 27-headed Lernaean hydra bites you!
You die...

..≈...§.≈.≈.♣♣♣
.........≈≈.....♣♣
....≈..≈....♣....♣
≈≈w......≈.≈≈....♣♣
..≈..≈.≈.≈....≈..≈♣
.≈≈$.....n≈...♣♣.♣♣
...≈...k.≈f.n≈.♣♣♣ ♣♣♣
≈.≈...D.DD.♣♣.≈.♣♣ ♣♣○♣♣
.......@D♣♣♣♣≈.≈.♣ ♣○°°°
≈....§^kDD♣ ♣♣D.♣♣ ♣♣♣♣P
.♣.≈...≈≈fD≈♣≈..§♣♣♣"PPP
...≈...≈.≈♣.k.....♣†..PP
≈.≈≈≈♣#♣§.D.#♣.≈.≈†..PPP
...## ###.###♣≈≈.≈≈≈PPP
≈.# {.. #♣≈≈≈≈.PPP .#
... ##...♣♣♣P ##≈♣♣ ♣♣


You could see the 27-headed Lernaean hydra, a thorn hunter, a shambling
mangrove, 2 six-headed hydras, a four-headed hydra, 4 swamp dragons, a lindwurm,
2 bog bodies, a swamp worm and 2 swamp drakes.

Vanquished Creatures
  Bai Suzhen (Snake:4)
  Vashnia (Snake:3)
  A thorn hunter (Swamp:4)
  8 nagarajas
  An orc warlord (Orc:2)
  Azrael (D:12)
  Josephine (D:14)
  2 fire dragons (D:9)
  Erolcha (D:12)
  A great orb of eyes (D:9)
  12 naga warriors
  3 ghost crabs (Swamp:3)
  11 hydras
  9 anacondas
  3 two-headed ogres
  A catoblepas (D:15)
  14 alligators
  5 centaur warriors
  Erica (D:11)
  A tengu warrior (D:12)
  5 death yaks (Lair:3)
  2 orc high priests (Orc:2)
  20 naga sharpshooters
  9 shock serpents
  Sonja (Lair:1)
  3 skeletal warriors (D:14)
  5 unseen horrors
  An orange crystal statue (Lair:3)
  A salamander mystic (Snake:2)
  9 swamp dragons
  8 naga ritualists
  A wolf spider zombie (D:13)
  2 necromancers
  A deep elf mage (D:14)
  A manticore (D:13)
  5 orc knights
  3 ugly things
  4 orc sorcerers (Orc:2)
  4 cyclopes
  14 mana vipers
  9 salamanders
  A centaur zombie (D:11)
  32 black mambas
  An ice statue (IceCv)
  35 naga magi
  14 cane toads
  A komodo dragon (Lair:6)
  2 centaur skeletons
  5 gargoyles
  6 rime drakes
  A kobold demonologist (D:8)
  An anaconda simulacrum (Lair:1)
  An efreet (D:10)
  11 freezing wraiths
  8 tyrant leeches
  3 meliai
  A large abomination (Abyss:1)
  5 polar bears
  6 trolls
  A wolf spider simulacrum (IceCv)
  10 slime creatures (Swamp:1)
  7 hornets
  4 bog bodies
  17 dream sheep
  5 hippogriffs
  15 spriggans
  A vampire (D:13)
  2 shadows
  4 wyverns
  Eustachio (D:6)
  8 wraiths
  A dire elephant simulacrum (Lair:1)
  A steam dragon (D:11)
  36 yaks
  4 basilisks
  3 fire elementals (D:13)
  Grum (D:9)
  22 vampire mosquitoes
  A death yak simulacrum (IceCv)
  14 swamp worms
  7 wargs (Orc:1)
  An acid dragon (D:13)
  A soldier ant (D:13)
  6 insubstantial wisps (Swamp:2)
  44 nagas
  3 hell hounds
  11 porcupines
  8 water moccasins
  2 small abominations (Abyss:1)
  12 ice beasts
  7 swamp drakes
  4 phantoms
  9 black bears
  46 orc warriors
  An eye of draining (D:14)
  12 sky beasts
  A black mamba simulacrum (Lair:1)
  4 necrophages
  5 boggarts (Lair:6)
  41 wolves
  13 centaurs
  11 ogres
  10 crocodiles
  3 big kobolds
  Blork the orc (D:6)
  17 bullfrogs
  2 gnoll sergeants
  A cane toad simulacrum (Lair:1)
  5 scorpions
  A water moccasin zombie (D:7)
  10 killer bees
  13 wights
  3 draconian simulacra (IceCv)
  4 bullfrog zombies
  8 hounds
  3 jellies
  28 orc priests
  27 orc wizards
  2 bullfrog skeletons
  3 iguanas
  2 spriggan simulacra (IceCv)
  12 worker ants
  A polar bear simulacrum (IceCv)
  5 troll simulacra (IceCv)
  A wolf simulacrum (IceCv)
  A centaur simulacrum (IceCv)
  A hound zombie (D:11)
  2 porcupine simulacra (Lair:1)
  A hound skeleton (D:11)
  Robin (D:2)
  A worker ant zombie (D:11)
  19 gnolls
  4 ogre simulacra (IceCv)
  21 adders
  A crocodile simulacrum (Lair:1)
  5 naga simulacra (IceCv)
  7 shadow imps
  16 white imps
  4 ufetubi
  3 oozes
  2 adder skeletons (D:9)
  An adder zombie (D:7)
  4 worms
  A dart slug (D:2)
  6 leopard geckos
  122 orcs
  4 giant cockroaches
  36 goblins
  19 hobgoblins
  8 jackals
  24 kobolds
  4 quokkas
  11 bats
  13 frilled lizards
  A giant cockroach zombie (D:5)
  A leopard gecko skeleton (D:5)
  A quokka zombie (D:8)
  7 rats
  A briar patch (Swamp:4)
  2 bushes (D:11)
1244 creatures vanquished.

Vanquished Creatures (collateral kills)
  An orc high priest (Orc:2)
  A lindwurm (Swamp:4)
  An orc sorcerer (Orc:2)
  An orc warrior (Orc:2)
  2 orc priests (Orc:2)
  An orc wizard (Orc:2)
  2 orcs (Orc:2)
9 creatures vanquished.

Vanquished Creatures (others)
  A naga ritualist (Snake:3)
  A spriggan druid (Swamp:2)
  A naga (Snake:4)
  An orc warrior (Orc:2)
  A swamp drake (Swamp:4)
  An orc (D:13)
  2 briar patches (Swamp:4)
  63 fungi
  A lurking horror (Abyss:1)
  79 plants
  3 toadstools (D:6)
154 creatures vanquished.

Grand Total: 1407 creatures vanquished

Notes
Turn   | Place    | Note
-------+----------+-------------------------------------------
     0 | Abyss:1  | PentaManta the Formicid Abyssal Knight began the quest for
                  | the Orb.
     0 | Abyss:1  | Reached XP level 1. HP: 18/18 MP: 2/2
    35 | Abyss:1  | Noticed a large abomination
    59 | Abyss:1  | Noticed a bone dragon
    60 | Abyss:1  | Noticed an ice beast
    61 | D:1      | Escaped the Abyss
   241 | D:1      | Reached * piety under Lugonu
   250 | D:1      | Reached XP level 2. HP: 24/24 MP: 3/3
   382 | D:1      | Reached skill level 3 in Axes
   935 | D:1      | Reached XP level 3. HP: 27/29 MP: 4/4
   988 | D:1      | Reached skill level 1 in Shields
  1172 | D:2      | Noticed Robin
  1454 | D:2      | Killed Robin
  1454 | D:2      | Reached XP level 4. HP: 27/35 MP: 5/5
  1520 | D:2      | Reached ** piety under Lugonu
  1643 | D:2      | You fall into a shaft and drop 2 floors!
  1643 | D:4      | Found a basalt altar of Yredelemnul.
  2024 | D:2      | Reached XP level 5. HP: 41/41 MP: 6/6
  2805 | D:3      | Reached skill level 4 in Axes
  2809 | D:3      | Reached *** piety under Lugonu
  3154 | D:3      | Reached XP level 6. HP: 42/47 MP: 7/7
  3618 | D:4      | Reached skill level 5 in Shields
  4097 | D:4      | Reached XP level 7. HP: 52/52 MP: 8/8
  4499 | D:4      | Found Hufash's Assorted Antiques.
  4527 | D:4      | Bought a scroll labeled JUDOLU BUXTOSCH for 32 gold pieces
  4527 | D:4      | Bought a scroll labeled UMUPPES YSAHA for 32 gold pieces
  4527 | D:4      | Bought 2 lumpy dark potions for 57 gold pieces
  4659 | D:5      | Entered Level 5 of the Dungeon
  4665 | D:5      | Found a shadowy altar of Dithmenos.
  4686 | D:5      | Found a sacrificial altar of Ru.
  4735 | D:5      | Reached skill level 5 in Axes
  5047 | D:5      | Reached skill level 6 in Axes
  5174 | D:5      | Found a glowing golden altar of the Shining One.
  5260 | D:5      | Reached XP level 8. HP: 58/58 MP: 9/9
  5500 | D:5      | Reached skill level 7 in Axes
  6186 | D:6      | Noticed Eustachio
  6230 | D:6      | Killed Eustachio
  6280 | D:6      | Noticed Blork the orc
  6281 | D:6      | Found an opulent altar of Gozag.
  6298 | D:6      | Killed Blork the orc
  6543 | D:6      | Reached XP level 9. HP: 32/64 MP: 10/10
  6719 | D:6      | Reached **** piety under Lugonu
  6723 | D:6      | Reached skill level 8 in Axes
  7190 | D:6      | Reached skill level 1 in Dodging
  7209 | D:6      | Found a staircase to the Ecumenical Temple.
  7370 | D:6      | Found an iron altar of Okawaru.
  7482 | Temple   | Entered the Ecumenical Temple
  8612 | D:7      | HP: 3/65 [ice beast (6)]
  8857 | D:7      | Found Ubraz's Antique Armour Boutique.
  9326 | D:7      | Bought a pair of glowing boots for 202 gold pieces
  9331 | D:7      | Identified a +2 pair of boots of running (You bought it in
                  | a shop on level 7 of the Dungeon)
 10008 | D:8      | Reached skill level 5 in Fighting
 10008 | D:8      | Reached XP level 10. HP: 74/74 MP: 10/12
 10448 | D:8      | Reached skill level 9 in Axes
 10576 | D:8      | Found a transporter.
 10606 | D:8      | Noticed a kobold demonologist
 10616 | D:8      | Found a transporter.
 10914 | D:9      | Noticed a two-headed ogre
 11224 | D:8      | Killed a two-headed ogre
 11224 | D:8      | Reached skill level 5 in Armour
 11224 | D:8      | Reached skill level 5 in Invocations
 11297 | D:9      | Found a flagged portal.
 11340 | Bailey   | Entered a bailey
 11817 | Bailey   | Reached ***** piety under Lugonu
 12334 | Bailey   | Noticed an orc warlord
 12350 | Bailey   | Banished an orc warlord
 12350 | Bailey   | Reached XP level 11. HP: 56/83 MP: 14/16
 12769 | Bailey   | Identified the +5 plate armour of Gehenna {Slay+4}
 13698 | D:9      | Reached skill level 5 in Dodging
 14057 | D:9      | Noticed Grum
 14069 | D:9      | Killed Grum
 14204 | D:9      | Found a runed translucent door.
 14204 | D:9      | Noticed a purple ugly thing
 14221 | D:9      | Killed a purple ugly thing
 14221 | D:9      | Reached skill level 10 in Axes
 14222 | D:9      | Noticed a fire dragon
 14320 | D:9      | Identified 2 scrolls of acquirement
 14320 | D:9      | Acquired the ring of Nemelex Xobeh's Whim {rC+ rN+ Slay+4}
 14432 | D:9      | Found a snail-covered altar of Cheibriados.
 14672 | D:10     | Entered Level 10 of the Dungeon
 14819 | D:10     | Got a jewelled chain mail
 14835 | D:10     | Noticed an unseen horror
 14840 | D:10     | Killed an unseen horror
 14906 | D:10     | Noticed a two-headed ogre
 14910 | D:10     | Killed a two-headed ogre
 15261 | D:11     | Identified the +4 chain mail of Rihahaun {Int+3} (You found
                  | it on level 10 of the Dungeon)
 15312 | D:11     | Reached XP level 12. HP: 87/92 MP: 17/19
 15595 | D:11     | Reached skill level 10 in Invocations
 15608 | D:11     | Noticed Erica
 15611 | D:11     | Found a staircase to the Lair.
 15618 | D:11     | Killed Erica
 15681 | D:11     | Found a frozen archway.
 15692 | IceCv    | Entered an ice cave
 15701 | IceCv    | Reached ****** piety under Lugonu
 16491 | IceCv    | Found an ancient bone altar of Kikubaaqudgha.
 17171 | IceCv    | Reached XP level 13. HP: 90/100 MP: 21/21
 17793 | D:11     | Reached skill level 11 in Axes
 18238 | D:11     | Found a blossoming altar of Fedhas.
 18340 | D:12     | Noticed Erolcha
 18353 | D:12     | Killed Erolcha
 18773 | D:12     | Noticed Azrael
 19365 | D:13     | Acquired a +2 cloak of magic resistance
 19681 | D:13     | Reached skill level 10 in Fighting
 19932 | D:12     | Found a staircase to the Orcish Mines.
 19983 | D:12     | Killed Azrael
 20585 | D:13     | Reached skill level 10 in Armour
 20716 | D:13     | Noticed a centaur warrior
 20729 | D:13     | Killed a centaur warrior
 20793 | D:13     | Reached XP level 14. HP: 111/111 MP: 22/22
 20863 | D:13     | Reached skill level 12 in Axes
 21519 | D:14     | Found a gate to the Vaults.
 21628 | D:15     | Entered Level 15 of the Dungeon
 21703 | D:14     | Reached skill level 10 in Shields
 21993 | D:14     | Noticed Josephine
 22004 | D:14     | Killed Josephine
 22312 | D:15     | Found a transporter.
 22312 | D:15     | Found a transporter.
 22318 | D:15     | Found a one-way gate to the infinite horrors of the Abyss.
 22318 | D:15     | Noticed Jeineh's ghost (journeyman SpEn)
 22360 | D:15     | Noticed an Executioner
 23032 | D:8      | Escaped the Abyss
 23511 | D:9      | Got a pitted whip
 23549 | D:9      | Identified the +12 whip of Bloody Death {vorpal, *Drain
                  | Str+8 Int+2 Stlth-} (You found it on level 9 of the
                  | Dungeon)
 23635 | Lair:1   | Entered Level 1 of the Lair of Beasts
 23901 | Lair:1   | Found a transporter.
 24106 | Lair:1   | Found a transporter.
 24203 | Lair:1   | Noticed Sonja
 24207 | Lair:1   | Cast into level 1 of the Abyss (Sonja)
 24336 | Abyss:1  | Noticed a starcursed mass
 24338 | Lair:1   | Escaped the Abyss
 24346 | Lair:1   | Killed Sonja
 24346 | Lair:1   | Reached XP level 15. HP: 89/119 MP: 23/23
 24926 | Lair:2   | Found a staircase to the Swamp.
 25101 | Lair:2   | Found an iron altar of Okawaru.
 25671 | Lair:3   | Found a shattered altar of Ashenzari.
 25869 | Lair:3   | Found a staircase to the Snake Pit.
 25961 | Lair:3   | Reached skill level 13 in Axes
 26679 | Lair:3   | Identified Wukhoarr's Compendium of Blistering Beguiling
 27453 | Lair:5   | Found a staircase to the Slime Pits.
 27800 | Lair:5   | Reached skill level 10 in Dodging
 27919 | Lair:5   | Found a basalt altar of Yredelemnul.
 28154 | Lair:6   | Entered Level 6 of the Lair of Beasts
 28254 | Lair:6   | Reached skill level 1 in Maces & Flails
 28492 | Lair:6   | Acquired the +11 battleaxe of Tochuik {elec, *Noise Str+5
                  | Dex+2}
 28964 | Lair:6   | Reached XP level 16. HP: 129/129 MP: 24/24
 29227 | Orc:1    | Entered Level 1 of the Orcish Mines
 30436 | Orc:2    | Entered Level 2 of the Orcish Mines
 30480 | Orc:2    | Found a roughly hewn altar of Beogh.
 30945 | Abyss:1  | Found a corrupted altar of Lugonu.
 30968 | Orc:2    | Escaped the Abyss
 31392 | Orc:2    | Found a staircase to the Elven Halls.
 31634 | Orc:2    | Found Bish's General Store.
 31635 | Orc:2    | Found Fisafept's Jewellery Shoppe.
 31636 | Orc:2    | Found Emeblautt's Antique Armour Shoppe.
 31636 | Orc:2    | Found Nycsuf's Antique Weapon Emporium.
 32361 | Orc:2    | Bought an uncursed ring of poison resistance for 300 gold
                  | pieces
 32664 | Orc:1    | Reached skill level 5 in Maces & Flails
 33442 | Snake:1  | Entered Level 1 of the Snake Pit
 34595 | Snake:1  | Reached skill level 14 in Axes
 35574 | Snake:1  | Found a runed translucent door.
 35580 | Snake:1  | Identified the +9 dagger of Vizxef {flame, MP+9 SInv
                  | Stlth+}
 36154 | Swamp:1  | Entered Level 1 of the Swamp
 36550 | Snake:2  | Reached XP level 17. HP: 93/135 MP: 25/25
 36897 | Snake:2  | Found Toigh's Antique Weapon Emporium.
 36914 | Snake:2  | Reached skill level 15 in Axes
 37051 | Snake:2  | Found Unoas's General Store.
 37728 | Snake:2  | Found Pogerarr's Magic Scroll Emporium.
 38312 | Snake:2  | Found Getae's Distillery.
 38581 | Snake:3  | Reached skill level 16 in Axes
 38757 | Snake:3  | Noticed Vashnia
 38777 | Snake:3  | Killed Vashnia
 39746 | Snake:3  | Reached skill level 17 in Axes
 40212 | Snake:4  | Entered Level 4 of the Snake Pit
 40621 | Snake:4  | Reached XP level 18. HP: 112/142 MP: 26/26
 40734 | Snake:4  | Noticed Bai Suzhen
 40843 | Snake:4  | Killed Bai Suzhen
 41209 | Snake:4  | Reached skill level 18 in Axes
 42623 | Snake:4  | Reached skill level 19 in Axes
 43805 | Snake:4  | Got a serpentine rune of Zot
 45803 | Swamp:2  | Reached skill level 20 in Axes
 45803 | Swamp:2  | Reached XP level 19. HP: 130/148 MP: 27/27
 46379 | Swamp:2  | Identified the +6 dagger "Sicies" {holy, rElec Str+4} (You
                  | found it on level 2 of the Swamp)
 48012 | Swamp:4  | Entered Level 4 of the Swamp
 48181 | Swamp:4  | Noticed the 27-headed Lernaean hydra
 48336 | Swamp:4  | Escaped the Abyss
 48336 | Swamp:4  | Slain by the 27-headed Lernaean hydra

Illustrated notes

Levels and vault maps discovered:
D:1:      dpeg_arrival_line_fractal, layout_basic
D:2:      layout_loops_ring, minmay_domino_4, uniq_robin
D:3:      kennysheep_six_static_rooms, layout_loops_ring, solitary_fountain
D:4:      layout_rooms, yredelemnul_altar_generic, serial_shops, shop
D:5:      layout_cave_pools, kennysheep_little_box,
          nicolae_ru_sacrificial_ziggurat, tso_metal_star
D:6:      layout_rooms, okawaru_ov_weapons_minmay, grunt_gozag_breadcrumbs,
          minmay_temple_entry_gardened_gates, minmay_gold_behind_fungi,
          uniq_blork_the_orc, uniq_eustachio
D:7:      layout_cave_pools, minmay_shop_grid_forest,
          minmay_misc_feat_four_crosses, kennysheep_generic_room_7
D:8:      gammafunk_wand_slinger, layout_basic, dk_noncrumbling_2
D:9:      layout_basic, cheibrodos_worm_habitat, enter_bailey_7, special_room
          [special_room_orc], minivault_13, uniq_grum
D:10:     layout_rooms
D:11:     layout_long_grid, due_lair_maze_entry_diamond, portal_ice_cave_rime,
          fedhas_altar_decomposition, uniq_erica
D:12:     minmay_polygon_palace, layout_basic, orc_0_dummy, uniq_erolcha,
          uniq_azrael
D:13:     layout_roguey
D:14:     layout_loops_ring, david_vaults_1, ebering_dispersal_statue_hall,
          uniq_josephine
D:15:     grunt_enter_depths_magical_seal, layout_rooms,
          gammafunk_ghost_abyssal_escape, chequers_serial_rivers_small_b
Temple:   regret_index_temple_generic_petals
Lair:1:   gammafunk_cloud_chamber, layout_cave_pods, uniq_sonja
Lair:2:   layout_chaotic_city, minmay_swamp_entry_worms, lemuel_altar_in_water2,
          serial_bayou_shore_b
Lair:3:   statuecave_lemuel, layout_cave_pods, dummy_snake_entry, basic_altar
Lair:4:   layout_hall_layers
Lair:5:   layout_small_grid, slime_dummy, basic_altar, grunt_megastairs_2
Lair:6:   minmay_lair_end_enchanted_forest, layout_cave_pods
Swamp:1:  layout_basic_swamp, evilmike_swamp_ruin_house_4
Swamp:2:  layout_basic_swamp, evilmike_swamp_ruin_house_5, swamp_pool5
Swamp:3:  layout_basic_swamp, hangedman_swamp_blocks, swamp_pool4
Swamp:4:  swamp_alternative, layout_basic_swamp, swamp_pool4, grunt_witch_cave
Snake:1:  cheibrodos_toxic_ritual, layout_layer_cave
Snake:2:  layout_chambers, serial_shops, nicolae_shop_stone, shop_statue,
          nicolae_shop_window_shopping, shop, nicolae_snake_serpentine_hallways
Snake:3:  layout_gridlike, uniq_vashnia
Snake:4:  snake_pit, layout_cave_town, grunt_ministairs_14, uniq_bai_suzhen
Orc:1:    layout_caves, nooodl_orcs_dogs
Orc:2:    st_orc_congregation, layout_caves, mines1_david

Skill      XL: |  1  2  3  4  5  6  7  8  9 10 11 12 13 14 15 16 17 18 19 |
---------------+----------------------------------------------------------+-----
Axes           | 3 4 6 7 8 9 10 11 12 13 14 17 20 | 20.3
Shields        | 2 3 4 5 6 8 9 10 12 13 | 13.0
Dodging        | 3 4 5 6 8 9 10 11 | 11.1
Armour         | 4 5 7 8 10 11 12 13 | 13.1
Fighting       | 5 6 7 8 10 11 12 13 | 13.3
Invocations    | 7 9 11 | 11.5
Maces & Flails | 2 6 |  6.0

Action                   |  1- 3 |  4- 6 |  7- 9 | 10-12 | 13-15 | 16-18 | 19-21 || total
-------------------------+-------+-------+-------+-------+-------+-------+-------++-------
Melee: Hand axe          |    50 |       |    48 |   575 |       |       |       ||   673
       Dagger            |    58 |   263 |   453 |    86 |       |       |       ||   860
       Whip              |       |       |    40 |    10 |   566 |  1610 |   349 ||  2575
       War axe           |       |       |       |   292 |   615 |       |       ||   907
       Flail             |       |       |       |       |     4 |       |       ||     4
 Fire: Hunting sling     |       |       |       |     9 |       |       |       ||     9
Throw: Dart              |       |       |     5 |     3 |       |       |       ||     8
Invok: Depart the Abyss  |     1 |       |       |       |     2 |       |     1 ||     4
       Bend Space        |       |       |     4 |       |     1 |     3 |     5 ||    13
       Banish            |       |       |       |     1 |     1 |       |       ||     2
       Enter the Abyss   |       |       |       |       |     1 |     1 |     1 ||     3
 Abil: Dig               |       |       |       |    12 |     5 |     9 |     3 ||    29
Evoke: Wand              |       |       |       |       |     5 |       |     1 ||     6
       Lightning rod     |       |       |       |       |     1 |       |       ||     1
       Box of beasts     |       |       |       |       |       |     1 |       ||     1
       Phantom mirror    |       |       |       |       |       |       |     1 ||     1
  Use: Potion            |     2 |       |     5 |     3 |     3 |     7 |     4 ||    24
       Scroll            |       |     4 |    11 |     9 |    20 |     4 |     2 ||    50
 Stab: Invisible         |       |       |       |     3 |       |       |       ||     3
       Distracted        |       |       |       |     1 |       |       |       ||     1
Armor: Leather armour    |    10 |       |       |       |       |       |       ||    10
       Scale mail        |    37 |   122 |    55 |       |       |       |       ||   214
       Chain mail        |       |       |   186 |   136 |       |       |       ||   322
       Plate armour      |       |       |       |   213 |   594 |   411 |   154 ||  1372
       Skin              |       |       |       |     1 |       |       |       ||     1
Dodge: Dodged            |    58 |   102 |   192 |   235 |   402 |   306 |   110 ||  1405
Block: Buckler           |     6 |    52 |    52 |       |       |       |       ||   110
       Kite shield       |       |       |   279 |   466 |   738 |  1150 |   280 ||  2913
       Reflection        |       |       |       |       |       |   144 |     4 ||   148

Table legend: (Time is in decaauts)
 A = Elapsed time spent in this place.
 B = Non-inter-level travel time spent in this place.
 C = Inter-level travel time spent in this place.
 D = Time resting spent in this place.
 E = Time spent auto-exploring this place.
 F = Levels seen in this place.
 G = Mean time per level.
                   A        B        C        D        E       F      G
               +--------+--------+--------+--------+--------+-----+--------+
         Total |  45321 |  41810 |   3511 |  11862 |  19534 |  39 | 1162.1 |
       Dungeon |  19409 |  18012 |   1397 |   4901 |   8269 |  15 | 1293.9 |
        Temple |    219 |    205 |     14 |      0 |    204 |   1 |  219.0 |
          Lair |   6347 |   4963 |   1384 |    100 |   3728 |   6 | 1057.8 |
         Swamp |   3410 |   3332 |     78 |    370 |   2261 |   4 |  852.5 |
     Snake Pit |   9600 |   9249 |    351 |   4134 |   3507 |   4 | 2400.0 |
  Orcish Mines |   2289 |   2003 |    286 |    245 |   1107 |   2 | 1144.5 |
         Abyss |    463 |    463 |      0 |    137 |      0 |   5 |   92.6 |
        Bailey |   1862 |   1862 |      0 |   1265 |     45 |   1 | 1862.0 |
      Ice Cave |   1719 |   1719 |      0 |    709 |    410 |   1 | 1719.0 |
               +--------+--------+--------+--------+--------+-----+--------+

Top non-repeatable levels by time:
 Snake:3: 2840 daAuts
 Snake:1: 2406 daAuts
 Snake:2: 2360 daAuts
     D:6: 2051 daAuts
 Snake:4: 1992 daAuts
  Bailey: 1862 daAuts
     D:9: 1737 daAuts
   IceCv: 1719 daAuts
     D:3: 1608 daAuts
    D:13: 1607 daAuts
 Swamp:1: 1554 daAuts
     D:8: 1540 daAuts
    D:11: 1513 daAuts
     D:5: 1493 daAuts
   Orc:2: 1486 daAuts
